MLB
MONTREAL EXPOS @ TORONTO BLUE JAYS
09/14/2049
 
TOP OF THE 1ST
Montreal Expos batting - Pitching for Toronto Blue Jays : RHP Hoof Harted
Pitching: RHP Hoof Harted
Batting: LHB Bill McGregor 0-0: Called Strike
0-1: Ball
1-1: Foul Ball, location: 2F
1-2: Ball
2-2: Foul Ball, location: 2F
2-2: Fly out, F9 (Line Drive, 9, EV 94.4 MPH)
Batting: RHB Steve French 0-0: Called Strike
0-1: Foul Ball, location: 2F
0-2: Ball
1-2: Strikes out swinging
Batting: SHB Joey Pacheco 0-0: Foul Ball, location: 2F
0-1: Ball
1-1: Ball
2-1: Called Strike
2-2: Strikes out swinging
Top of the 1st over - 0 runs, 0 hits, 0 errors, 0 left on base; Montreal 0 - Toronto 0
BOTTOM OF THE 1ST
Toronto Blue Jays batting - Pitching for Montreal Expos : LHP Brian White
Pitching: LHP Brian White
Batting: RHB Donny Burnside 0-0: Called Strike
0-1: Ball
1-1: Foul Ball, location: 2F
1-2: SINGLE (Groundball, 5L, EV 99.4 MPH)
Batting: RHB Danny Burnside 0-0: Ball
1-0: Ball
2-0: Foul Ball, location: 2F
2-1: Called Strike
2-2: Ground out 5-3 (Groundball, 56S, EV 66.9 MPH)
Donny Burnside to second
Batting: SHB Matt Altieri 0-0: Foul Ball, location: 2F
0-1: Ball
1-1: Fly out, F6 (Flyball, 56D, EV 86.9 MPH)
Batting: RHB Efrain Vargas 0-0: Called Strike
0-1: Foul Ball, location: 2F
0-2: SINGLE (Line Drive, 89S, EV 111.2 MPH)
Donny Burnside to third
Runner from 3rd tries for Home, throw by CF and OUT! 8-2
Bottom of the 1st over - 0 runs, 2 hits, 0 errors, 1 left on base; Montreal 0 - Toronto 0
TOP OF THE 2ND
Montreal Expos batting - Pitching for Toronto Blue Jays : RHP Hoof Harted
Batting: LHB Austin Ohmer 0-0: Ball
1-0: Called Strike
1-1: Foul Ball, location: 2F
1-2: Ball
2-2: DOUBLE (Line Drive, 3D, EV 96.9 MPH)
Batting: LHB Steve Anderson 0-0: Ball
1-0: Swinging Strike
1-1: Ground out 5-3 (Groundball, 56, EV 108.8 MPH)
Batting: LHB Mark Marvin 0-0: Ball
1-0: Foul Ball, location: 2F
1-1: Called Strike
1-2: Ball
2-2: Foul Ball, location: 2F
2-2: Strikes out swinging
Batting: SHB Lou Kroneman 0-0: Ball
1-0: Called Strike
1-1: Ball
2-1: Ball
3-1: Swinging Strike
3-2: Strikes out looking and he ARGUES THE CALL AND IS TOSSED!
Top of the 2nd over - 0 runs, 1 hit, 0 errors, 1 left on base; Montreal 0 - Toronto 0
BOTTOM OF THE 2ND
Toronto Blue Jays batting - Pitching for Montreal Expos : LHP Brian White
Now at 2B: Danny Diaz
Batting: RHB C.J. Richerson 0-0: Foul Ball, location: 2F
0-1: Foul Ball, location: 2F
0-2: Strikes out swinging
Batting: SHB Jason Woods 0-0: Ball
1-0: Called Strike
1-1: Foul Ball, location: 2F
1-2: SINGLE (Popup, 5D, EV 75.6 MPH)
Batting: RHB Steve Jordan 0-0: Swinging Strike
0-1: Ball
Jason Woods steals 2nd base
1-1: Ball
2-1: Called Strike
2-2: Foul Ball, location: 2F
2-2: Ball
3-2: Fly out, F8 (Flyball, 8RXD, EV 73.8 MPH)
Runner from 2nd tags up, SAFE at 3rd, no throw by CF
Batting: RHB Mike Harkins 0-0: Ball
1-0: Ball
2-0: Swinging Strike
2-1: Swinging Strike
2-2: Ball
3-2: Base on Balls
Batting: SHB Dominik Hasek II 0-0: Called Strike
0-1: Swinging Strike
0-2: Ball
1-2: Strikes out looking
Bottom of the 2nd over - 0 runs, 1 hit, 0 errors, 2 left on base; Montreal 0 - Toronto 0
TOP OF THE 3RD
Montreal Expos batting - Pitching for Toronto Blue Jays : RHP Hoof Harted
Batting: RHB John Ham 0-0: Called Strike
0-1: Ball
1-1: Foul Ball, location: 2F
1-2: SOLO HOME RUN (Flyball, 7D, EV 99.4 MPH), Distance : 411 ft
Batting: RHB Tommy Mize 0-0: Called Strike
0-1: Called Strike
0-2: Strikes out looking
Batting: LHB Bill McGregor 0-0: Ball
1-0: Foul Ball, location: 2F
1-1: Ground out 6-3 (Groundball, 6, EV 80.0 MPH)
Batting: RHB Steve French 0-0: Called Strike
0-1: Called Strike
0-2: Ball
1-2: Foul Ball, location: 2F
1-2: Ball
2-2: Ball
3-2: SOLO HOME RUN (Flyball, 7D, EV 97.5 MPH), Distance : 380 ft
Batting: SHB Joey Pacheco 0-0: Swinging Strike
0-1: Hit by Pitch
Batting: LHB Austin Ohmer 0-0: Called Strike
0-1: Swinging Strike
0-2: Ball
1-2: Ball
2-2: Ball
3-2: Base on Balls
Joey Pacheco to second
Batting: LHB Steve Anderson 0-0: Called Strike
0-1: Ball
1-1: Called Strike
1-2: Strikes out looking
Top of the 3rd over - 2 runs, 2 hits, 0 errors, 2 left on base; Montreal 2 - Toronto 0
BOTTOM OF THE 3RD
Toronto Blue Jays batting - Pitching for Montreal Expos : LHP Brian White
Batting: RHB Donny Burnside 0-0: Ball
1-0: Swinging Strike
1-1: Ball
2-1: Foul Ball, location: 2F
2-2: Ball
3-2: Base on Balls
Batting: RHB Danny Burnside 0-0: Called Strike
0-1: Foul Ball, location: 2F
0-2: Ball
1-2: Ball
2-2: Strikes out swinging
Batting: SHB Matt Altieri 0-0: Called Strike
Donny Burnside is caught stealing 2nd base 2-4
0-1: Ball
1-1: SINGLE (Groundball, 34D, EV 99.4 MPH)
Batting: RHB Efrain Vargas 0-0: SINGLE (Line Drive, 6D, EV 101.2 MPH)
Matt Altieri to second
Runner from 2nd tries for 3rd, SAFE, throw by LF made to third
Batting: RHB C.J. Richerson 0-0: Called Strike
0-1: SINGLE (Groundball, 6MD, EV 98.1 MPH)
Matt Altieri scores
Efrain Vargas to second
Runner from 2nd tries for 3rd, SAFE, throw by CF made to third
Batting: SHB Jason Woods 0-0: Ball
1-0: Ball
2-0: Foul Ball, location: 2F
2-1: Called Strike
2-2: Ball
3-2: Fly out, F9 (Flyball, 8RS, EV 91.9 MPH)
Bottom of the 3rd over - 1 run, 3 hits, 0 errors, 2 left on base; Montreal 2 - Toronto 1
TOP OF THE 4TH
Montreal Expos batting - Pitching for Toronto Blue Jays : RHP Hoof Harted
Batting: LHB Mark Marvin 0-0: Ball
1-0: SINGLE (Line Drive, 8RS, EV 106.9 MPH)
Batting: RHB Danny Diaz 0-0: Foul Ball, location: 2F
0-1: SINGLE (Groundball, 56S, EV 69.4 MPH) (infield hit)
Mark Marvin to second
Batting: RHB John Ham 0-0: SINGLE (Groundball, 6MD, EV 103.8 MPH)
Mark Marvin to third
Danny Diaz to second
Runner from 3rd tries for Home, SAFE, throw by CF to home
Batting: RHB Tommy Mize 0-0: Called Strike
0-1: Swinging Strike
0-2: Ball
1-2: Fly out, F3 (Line Drive, 3, EV 61.9 MPH)
Lined into DP, U3 (Line Drive, 3, EV 68.1 MPH)
Batting: LHB Bill McGregor 0-0: Called Strike
0-1: Ball
1-1: Called Strike
1-2: Ground out 4-3 (Groundball, 4, EV 80.0 MPH)
Top of the 4th over - 1 run, 3 hits, 0 errors, 1 left on base; Montreal 3 - Toronto 1
BOTTOM OF THE 4TH
Toronto Blue Jays batting - Pitching for Montreal Expos : LHP Brian White
Batting: RHB Steve Jordan 0-0: Ball
1-0: Ball
2-0: Called Strike
2-1: Ground out 3-1 (Groundball, 34S, EV 81.2 MPH)
Batting: RHB Mike Harkins 0-0: Ball
1-0: Ball
2-0: Foul Ball, location: 2F
2-1: Foul Ball, location: 2F
2-2: Ball
3-2: Foul Ball, location: 2F
3-2: Strikes out looking
Batting: SHB Dominik Hasek II 0-0: Called Strike
0-1: Ball
1-1: Fly out, F3 (Popup, 3SF, EV 71.9 MPH)
Bottom of the 4th over - 0 runs, 0 hits, 0 errors, 0 left on base; Montreal 3 - Toronto 1
TOP OF THE 5TH
Montreal Expos batting - Pitching for Toronto Blue Jays : RHP Hoof Harted
Batting: RHB Steve French 0-0: Ball
1-0: Called Strike
1-1: Swinging Strike
1-2: Ball
2-2: Strikes out swinging
Batting: SHB Joey Pacheco 0-0: Ball
1-0: Ball
2-0: Foul Ball, location: 2F
2-1: Called Strike
2-2: Strikes out swinging
Batting: LHB Austin Ohmer 0-0: Called Strike
0-1: Foul Ball, location: 2F
0-2: Ball
1-2: Ball
2-2: Foul Ball, location: 2F
2-2: DOUBLE (Groundball, 5L, EV 100.0 MPH)
Batting: LHB Steve Anderson 0-0: Called Strike
0-1: Foul Ball, location: 2F
0-2: 2-RUN HOME RUN (Line Drive, 7LD, EV 108.1 MPH), Distance : 398 ft
Pitching: RHP Edward Saunders
Batting: LHB Mark Marvin 0-0: Called Strike
0-1: Swinging Strike
0-2: SOLO HOME RUN (Flyball, 89XD, EV 108.8 MPH), Distance : 436 ft
Batting: RHB Danny Diaz 0-0: Called Strike
0-1: Ball
1-1: Foul Ball, location: 2F
1-2: Ball
2-2: Ball
3-2: Strikes out looking
Top of the 5th over - 3 runs, 3 hits, 0 errors, 0 left on base; Montreal 6 - Toronto 1
BOTTOM OF THE 5TH
Toronto Blue Jays batting - Pitching for Montreal Expos : LHP Brian White
Batting: RHB Donny Burnside 0-0: Foul Ball, location: 2F
0-1: Fly out, F8 (Flyball, 8LD, EV 105.6 MPH)
Batting: RHB Danny Burnside 0-0: Swinging Strike
0-1: Called Strike
0-2: Ball
1-2: Foul Ball, location: 2F
1-2: Foul Ball, location: 2F
1-2: Ball
2-2: SINGLE (Groundball, P, EV 84.4 MPH) (infield hit)
Batting: SHB Matt Altieri 0-0: Called Strike
0-1: TRIPLE (Flyball, 78XD, EV 110.6 MPH)
Danny Burnside scores
Batting: RHB Efrain Vargas 0-0: Ball
1-0: SINGLE (Groundball, 6MD, EV 108.1 MPH)
Matt Altieri scores
Batting: RHB C.J. Richerson 0-0: Swinging Strike
0-1: Fly out, F7 (Flyball, 7, EV 86.9 MPH)
Batting: SHB Jason Woods 0-0: Ball
1-0: Swinging Strike
1-1: Called Strike
1-2: Ball
Pickoff Throw to First - Out! 1-3 CS
Bottom of the 5th over - 2 runs, 3 hits, 0 errors, 0 left on base; Montreal 6 - Toronto 3
TOP OF THE 6TH
Montreal Expos batting - Pitching for Toronto Blue Jays : RHP Edward Saunders
Batting: RHB John Ham 0-0: Ball
1-0: Called Strike
1-1: Ground out 6-3 (Groundball, 6M, EV 86.2 MPH)
Batting: RHB Tommy Mize 0-0: Ball
1-0: DOUBLE (Line Drive, 9LS, EV 106.9 MPH)
Batting: LHB Bill McGregor 0-0: Ball
1-0: Ground out 4-3 (Groundball, 34D, EV 85.6 MPH)
Tommy Mize to third
Batting: RHB Steve French 0-0: Called Strike
0-1: Ball
1-1: Ball
2-1: Swinging Strike
2-2: Ground out 6-3 (Groundball, 6S, EV 81.9 MPH)
Top of the 6th over - 0 runs, 1 hit, 0 errors, 1 left on base; Montreal 6 - Toronto 3
BOTTOM OF THE 6TH
Toronto Blue Jays batting - Pitching for Montreal Expos : LHP Brian White
Batting: SHB Jason Woods 0-0: Ball
1-0: Fly out, F9 (Flyball, 9, EV 84.4 MPH)
Batting: RHB Steve Jordan 0-0: Called Strike
0-1: Ball
1-1: Swinging Strike
1-2: Strikes out looking
Batting: RHB Mike Harkins 0-0: Ball
1-0: SINGLE (Flyball, 34D, EV 91.2 MPH)
Pitching: LHP Kyle Schlosschlonghair
Batting: SHB Dominik Hasek II 0-0: Ball
1-0: Fly out, F8 (Flyball, 8LD, EV 90.0 MPH)
Bottom of the 6th over - 0 runs, 1 hit, 0 errors, 1 left on base; Montreal 6 - Toronto 3
TOP OF THE 7TH
Montreal Expos batting - Pitching for Toronto Blue Jays : RHP Edward Saunders
Batting: SHB Joey Pacheco 0-0: Ball
1-0: Foul Ball, location: 2F
1-1: Called Strike
1-2: Ball
2-2: Ground out 4-3 (Groundball, 4, EV 86.9 MPH)
Batting: LHB Austin Ohmer 0-0: Swinging Strike
0-1: Foul Ball, location: 2F
0-2: Ball
1-2: Fly out, F7 (Line Drive, 78M, EV 92.5 MPH)
Batting: LHB Steve Anderson 0-0: Foul Ball, location: 2F
0-1: Ball
1-1: Called Strike
1-2: Foul Ball, location: 2F
1-2: SOLO HOME RUN (Flyball, 9D, EV 110.0 MPH), Distance : 443 ft
Batting: LHB Mark Marvin 0-0: Ball
1-0: Called Strike
1-1: Swinging Strike
1-2: DOUBLE (Line Drive, 8LXD, EV 104.4 MPH)
Batting: RHB Danny Diaz 0-0: Ball
1-0: SINGLE (Groundball, 56D, EV 98.8 MPH)
Mark Marvin to third
Runner from 3rd tries for Home, SAFE, throw by LF to home
Pitching: RHP John Brice
Batting: RHB John Ham 0-0: Foul Ball, location: 2F
0-1: Ball
1-1: Foul Ball, location: 2F
1-2: Strikes out swinging
Top of the 7th over - 2 runs, 3 hits, 0 errors, 1 left on base; Montreal 8 - Toronto 3
BOTTOM OF THE 7TH
Toronto Blue Jays batting - Pitching for Montreal Expos : LHP Kyle Schlosschlonghair
Batting: RHB Donny Burnside 0-0: Called Strike
0-1: Ball
1-1: Swinging Strike
1-2: Ball
2-2: Strikes out looking
Batting: RHB Danny Burnside 0-0: Ball
1-0: Ball
2-0: Foul Ball, location: 2F
2-1: Foul Ball, location: 2F
2-2: Strikes out swinging
Batting: SHB Matt Altieri 0-0: Ball
1-0: Ball
2-0: Foul Ball, location: 2F
2-1: Ball
3-1: Foul Ball, location: 2F
3-2: Foul Ball, location: 2F
3-2: Foul Ball, location: 2F
3-2: Foul Ball, location: 2F
3-2: Strikes out swinging
Bottom of the 7th over - 0 runs, 0 hits, 0 errors, 0 left on base; Montreal 8 - Toronto 3
TOP OF THE 8TH
Montreal Expos batting - Pitching for Toronto Blue Jays : RHP John Brice
Batting: RHB Tommy Mize 0-0: Foul Ball, location: 2F
0-1: Ball
1-1: DOUBLE (Line Drive, 89XD, EV 109.4 MPH)
Batting: LHB Bill McGregor 0-0: SINGLE (Line Drive, 34D, EV 96.9 MPH)
Tommy Mize to third
Batting: RHB Steve French 0-0: Foul Ball, location: 2F
0-1: Ball
1-1: Swinging Strike
1-2: Strikes out swinging
Batting: SHB Joey Pacheco 0-0: Ball
1-0: Ball
Bill McGregor steals 2nd, throwing error, E2
Tommy Mize scores
Bill McGregor to third
2-0: Fly out, F8 (Flyball, 8RM, EV 78.8 MPH)
Batting: LHB Austin Ohmer 0-0: Called Strike
0-1: Foul Ball, location: 2F
0-2: Ball
1-2: Ball
2-2: Foul Ball, location: 2F
2-2: SINGLE (Groundball, 4MD, EV 104.4 MPH)
Bill McGregor scores
Batting: LHB Steve Anderson 0-0: Ball
1-0: Ball
2-0: Ball
3-0: Called Strike
3-1: Called Strike
3-2: Foul Ball, location: 2F
3-2: SINGLE (Line Drive, 34D, EV 96.9 MPH)
Austin Ohmer to second
Austin Ohmer to third
Batting: LHB Mark Marvin 0-0: Foul Ball, location: 2F
0-1: Swinging Strike
0-2: 3-RUN HOME RUN (Flyball, 9D, EV 105.6 MPH), Distance : 399 ft
Pitching: RHP Justin Sedivy
Batting: RHB Danny Diaz 0-0: Ball
1-0: Ball
2-0: Ground out 6-3 (Groundball, 6, EV 86.2 MPH)
Top of the 8th over - 5 runs, 5 hits, 1 error, 0 left on base; Montreal 13 - Toronto 3
BOTTOM OF THE 8TH
Toronto Blue Jays batting - Pitching for Montreal Expos : LHP Kyle Schlosschlonghair
Now in LF: Bill McGregor
Now in CF: Jonathan Fraire
Now in RF: Austin Ohmer
Batting: RHB Efrain Vargas 0-0: Ball
1-0: Swinging Strike
1-1: Ball
2-1: Ball
3-1: Base on Balls
Batting: RHB C.J. Richerson 0-0: Ball
1-0: Foul Ball, location: 2F
1-1: Foul Ball, location: 2F
1-2: Foul Ball, location: 2F
1-2: Ball
2-2: Hit by Pitch
Efrain Vargas to second
Batting: SHB Jason Woods 0-0: Ball
1-0: Ball
2-0: Foul Ball, location: 2F
2-1: DOUBLE (Flyball, 8LXD, EV 88.1 MPH)
Efrain Vargas scores
C.J. Richerson to third
Pinch Hitting: RHB Bill Murray 0-0: Ball
1-0: Called Strike
1-1: Ball
2-1: Ball
3-1: Fly out, F6 (Popup, 6, EV 64.4 MPH)
Batting: RHB Mike Harkins 0-0: Foul Ball, location: 2F
0-1: Swinging Strike
0-2: Strikes out swinging
Batting: SHB Dominik Hasek II 0-0: Ball
1-0: Ball
2-0: Called Strike
2-1: Ground out 6-3 (Groundball, 6, EV 100.0 MPH)
Bottom of the 8th over - 1 run, 1 hit, 0 errors, 2 left on base; Montreal 13 - Toronto 4
TOP OF THE 9TH
Montreal Expos batting - Pitching for Toronto Blue Jays : RHP Justin Sedivy
Now in LF: Bill Murray
Batting: RHB Jonathan Fraire 0-0: Fly out, F8 (Flyball, 8RM, EV 86.2 MPH)
Batting: RHB Tommy Mize 0-0: Called Strike
0-1: Foul Ball, location: 2F
0-2: Foul Ball, location: 2F
0-2: Strikes out swinging
Batting: LHB Bill McGregor 0-0: Ball
1-0: Swinging Strike
1-1: Foul Ball, location: 2F
1-2: Ball
2-2: Ball
3-2: Base on Balls
Batting: RHB Steve French 0-0: Foul Ball, location: 2F
0-1: Ball
1-1: SINGLE (Groundball, 5L, EV 106.2 MPH) (infield hit)
Bill McGregor to second
Batting: SHB Joey Pacheco 0-0: Called Strike
0-1: Ball
Wild Pitch!
Bill McGregor to third
Steve French to second
1-1: Swinging Strike
1-2: Strikes out swinging
Top of the 9th over - 0 runs, 1 hit, 0 errors, 2 left on base; Montreal 13 - Toronto 4
BOTTOM OF THE 9TH
Toronto Blue Jays batting - Pitching for Montreal Expos : LHP Kyle Schlosschlonghair
Batting: RHB Donny Burnside 0-0: Foul Ball, location: 2F
0-1: Ball
1-1: Called Strike
1-2: SINGLE (Groundball, 4M, EV 102.5 MPH) (infield hit)
Batting: RHB Danny Burnside 0-0: Called Strike
0-1: Ball
1-1: Ball
2-1: Grounds into double play, 3-6-3 (Groundball, 34, EV 81.9 MPH)
Batting: SHB Matt Altieri 0-0: Called Strike
0-1: Foul Ball, location: 2F
0-2: Ball
1-2: Strikes out swinging
Bottom of the 9th over - 0 runs, 1 hit, 0 errors, 0 left on base; Montreal 13 - Toronto 4
Sunday, July 16th , 2023 - OOTP Baseball 24.6 Build 69